 Dungeon Crawl Stone Soup version 0.30-a0-2-gf48d83f5e2 (webtiles) character file.

Game seed: 2453024696460531958

1726 jlumianski the Chopper (level 8, -4/58 HPs)
             Began as a Demonspawn Gladiator on Aug 20, 2022.
             Was an Initiate of Qazlal.
             Killed from afar by a deep elf pyromancer (16 damage)
             ... with a bolt of fire
             ... on level 6 of the Dungeon.
             The game lasted 00:23:51 (6550 turns).

jlumianski the Chopper (Demonspawn Gladiator)       Turns: 6550, Time: 00:23:53

Health: -4/58      AC: 17    Str: 17    XL:     8   Next: 75%
Magic:  12/12      EV: 12    Int: 15    God:    Qazlal [......]
Gold:   377        SH:  0    Dex: 14    Spells: 10/13 levels left

rFire   . . .      SeeInvis .    a - +0 war axe
rCold   . . .      Faith    .    (no shield)
rNeg    . . .      Spirit   .    o - +6 ring mail "Gergheejes" {Rampage rElec Int+5 Stlth-}
rPois   .          Reflect  .    c - +0 helmet
rElec   +          Harm     .    (no cloak)
rCorr   .          Rampage  +    (no gloves)
Will    +....                    F - +0 pair of boots
Stlth   ..........               (no amulet)
HPRegen 0.19/turn                E - ring of willpower
MPRegen 0.26/turn                (no ring)

@: no status effects
A: hooves 2, icy blue scales 2, magic regeneration
a: Renounce Religion


You were on level 6 of the Dungeon.
You worshipped Qazlal.
Qazlal was noncommittal.
You visited 2 branches of the dungeon, and saw 7 of its levels.

You collected 377 gold pieces.

Inventory:

Hand Weapons
 a - a +0 war axe (weapon)
 g - a +0 short sword of venom
 p - a +0 scimitar
 t - a +0 dagger of venom
 y - a +0 whip of flaming
Missiles
 d - 3 throwing nets
 e - a javelin
 i - 55 stones
 A - 18 poisoned darts (quivered)
 D - a curare-tipped dart
Armour
 b - a +0 leather armour
 c - a +0 helmet (worn)
 m - a +0 chain mail
 o - the +6 ring mail "Gergheejes" (worn) {Rampage rElec Int+5 Stlth-}
   (You took it off a kobold on level 2 of the Dungeon)

   Int:       It affects your intelligence (+5).
   rElec:     It insulates you from electricity.
   Rampage:   It bestows one free step when moving towards enemies.
   Stlth:     It makes you less stealthy.
 w - a +0 kite shield
 B - a +0 plate armour
 F - a +0 pair of boots (worn)
Magical Staves
 C - a staff of cold
Jewellery
 E - a ring of willpower (left hand)
Scrolls
 h - 3 scrolls of fear {unknown}
 j - 7 scrolls of identify {unknown}
 s - a scroll of amnesia {unknown}
 x - a scroll of vulnerability {unknown}
 H - a scroll of immolation {unknown}
Potions
 f - 2 potions of brilliance {unknown}
 k - 2 potions of degeneration {unknown}
 l - a potion of curing
 n - 2 potions of cancellation {unknown}
 q - a potion of flight {unknown}
 r - 3 potions of attraction {unknown}
 u - a potion of lignification {unknown}
 v - a potion of invisibility {unknown}
 z - a potion of haste {unknown}
 G - a potion of might {unknown}


   Skills:
 + Level 3.5 Fighting
 + Level 6.7 Axes
 + Level 1.9 Throwing
 + Level 3.9 Armour
 + Level 4.5 Dodging
 + Level 1.2 Stealth
 * Level 3.1 Spellcasting
 * Level 3.9 Conjurations


You had 10 spell levels left.
You knew the following spells:

 Your Spells              Type           Power      Damage    Failure   Level
a - Magic Dart            Conj           56%        1d5       7%          1
b - Searing Ray           Conj           28%        2d5       11%         2

Your spell library contained the following spells:

 Spells                   Type           Power      Damage    Failure   Level
 Slow                     Hex            8%         N/A       34%         1
 Dazzling Flash           Conj/Hex       16%        N/A       41%         3
 Mephitic Cloud           Conj/Pois/Air  6%         N/A       52%         3
 Confusing Touch          Hex            2%         N/A       71%         3
 Ignite Poison            Fire/Tmut/Pois 2%         N/A       71%         3
 Vampiric Draining        Necr           2%         2d6       71%         3
 Fulminant Prism          Conj/Hex       4%         3d6       83%         4
 Freezing Cloud           Conj/Ice/Air   3%         6-21      99%         5
 Agony                    Necr           2%         N/A       100%        5
 Silence                  Hex/Air        1%         N/A       100%        5
 Summon Forest            Summ/Tloc      1%         N/A       100%        5
 Eringya's Noxious Bog    Tmut/Pois      1%         N/A       100%        6
 Summon Hydra             Summ           1%         N/A       100%        7


Dungeon Overview and Level Annotations

Branches:
Dungeon (6/15)             Temple (1/1) D:5

Altars:
Ashenzari
Cheibriados
Dithmenos
Gozag
Hepliaklqana
Kikubaaqudgha
Makhleb
Nemelex Xobeh
Okawaru
Qazlal
Ru
Sif Muna
Uskayaw
Wu Jian
Xom

Shops:
D:2 =

Annotations:
Temple 2 transporters


Innate Abilities, Weirdness & Mutations

You have hoof-like feet.
You are mostly covered in icy blue scales. (AC +3)
You regenerate magic rapidly.


Message History

You kill the gnoll!
Qazlal accepts your kill.
You now have 377 gold pieces (gained 11).
You see here a +0 club.
HP restored.
You pick up a Trismegistus Codex and begin reading...
You add the spells Ignite Poison, Mephitic Cloud and Freezing Cloud to your library.
Okay, then.
G - an emerald potion
Found a robe.
Okay, then.
Found a granite statue.
H - a scroll labelled HYGHIYF NARI As you open the gate, it creaks loudly!
A deep elf pyromancer comes into view. It is wielding a +0 long sword.
The deep elf pyromancer shouts!
Found 5 stones and a scroll labelled WITUUBR ZUEMPO.
You rampage towards the deep elf pyromancer!
The deep elf pyromancer hits you with a +0 long sword.
You see here 5 stones.
You slash the deep elf pyromancer!
The deep elf pyromancer is moderately wounded.
The deep elf pyromancer points at you and mumbles some strange words.
The bolt of fire hits you!
You slash the deep elf pyromancer!
The deep elf pyromancer is severely wounded.
The deep elf pyromancer closely misses you.
You barely miss the deep elf pyromancer.
The deep elf pyromancer is severely wounded.
The deep elf pyromancer casts a spell at you.
The bolt of fire hits you!!
* * * LOW HITPOINT WARNING * * *
You closely miss the deep elf pyromancer.
The deep elf pyromancer is severely wounded.
The deep elf pyromancer hits you but does no damage.
You hit the deep elf pyromancer.
The deep elf pyromancer is severely wounded.
The deep elf pyromancer gestures at you while chanting.
The bolt of fire hits you!
You die...

........
.######......######
....#......#
###........#
#..#......#
...........#
########.#.###
+?.P+ #...# +e..+
#.#.# +@.⌠+..#.#.#
#'''#..#[#.#
#...#..#.#.#
#...#..#...#
#...#..#..## #
#...#..#.##
#..#...#..#.#
#..8...8..#.#
.............#


You could see a deep elf pyromancer.

Vanquished Creatures
  Grinder (D:3)
  An orc warrior (D:6)
  A black bear (D:4)
  A centaur (D:6)
  2 ogres
  3 phantoms
  A kobold brigand (D:5)
  A bullfrog (D:6)
  Blork the orc (D:5)
  5 scorpions
  2 hounds
  2 jellies (D:5)
  A gnoll bouda (D:5)
  3 iguanas
  7 adders
  3 gnolls
  An ufetubus (D:6)
  A worm (D:2)
  2 dart slugs
  10 orcs
  7 endoplasms
  2 giant cockroaches
  7 hobgoblins
  2 jackals (D:1)
  4 quokkas
  9 ball pythons
  3 bats (D:2)
  2 frilled lizards
  6 goblins
  8 kobolds
  7 rats
106 creatures vanquished.

Vanquished Creatures (others)
  A kobold (D:6)
1 creature vanquished.

Grand Total: 107 creatures vanquished

Notes
Turn   | Place    | Note
-------+----------+-------------------------------------------
     0 | D:1      | jlumianski the Demonspawn Gladiator began the quest for the
                  | Orb.
     0 | D:1      | Reached XP level 1. HP: 16/16 MP: 1/1
   534 | D:1      | Gained mutation: You have large cloven feet. [demonic
                  | ancestry]
   534 | D:1      | Reached XP level 2. HP: 22/22 MP: 2/2
   663 | D:1      | Found a faded altar of an unknown god.
  1210 | D:1      | Reached skill level 3 in Axes
  1210 | D:1      | Gained mutation: You have hoof-like feet. [demonic
                  | ancestry]
  1210 | D:1      | Reached XP level 3. HP: 9/28 MP: 3/3
  1887 | D:2      | Found Ulyreq's Jewellery Shop.
  1977 | D:2      | Reached skill level 1 in Armour
  1977 | D:2      | Gained mutation: You are partially covered in icy blue
                  | scales. (AC +2) [demonic ancestry]
  1977 | D:2      | Reached XP level 4. HP: 34/34 MP: 4/4
  2022 | D:2      | Identified the +6 ring mail "Gergheejes" {Rampage rElec
                  | Int+5 Stlth-}
  2488 | D:3      | Found a sacrificial altar of Ru.
  2721 | D:4      | Noticed an ogre
  2728 | D:3      | Learned a level 1 spell: Magic Dart
  2962 | D:3      | Noticed Grinder
  3006 | D:3      | Paralysed by Grinder for 2 turns
  3011 | D:3      | Killed Grinder
  3012 | D:3      | Reached skill level 4 in Axes
  3012 | D:3      | Reached skill level 1 in Conjurations
  3012 | D:3      | Reached XP level 5. HP: 20/39 MP: 4/6
  3012 | D:3      | Gained mutation: You are mostly covered in icy blue scales.
                  | (AC +3) [demonic ancestry]
  3012 | D:3      | Reached XP level 6. HP: 23/46 MP: 4/7
  3323 | D:4      | Reached skill level 1 in Spellcasting
  3615 | D:4      | Noticed an angel
  3658 | D:4      | Found a sparkling altar of Nemelex Xobeh.
  3699 | D:4      | Learned a level 2 spell: Searing Ray
  3721 | D:4      | Reached skill level 5 in Axes
  3721 | D:4      | Reached XP level 7. HP: 51/51 MP: 9/9
  4349 | D:5      | Entered Level 5 of the Dungeon
  4501 | D:5      | Reached skill level 1 in Stealth
  4656 | D:5      | Noticed Blork the orc
  4664 | D:5      | Killed Blork the orc
  4753 | D:5      | Gained mutation: You regenerate magic rapidly. [demonic
                  | ancestry]
  4753 | D:5      | Reached XP level 8. HP: 58/58 MP: 11/11
  4923 | D:5      | Found a staircase to the Ecumenical Temple.
  4942 | Temple   | Entered the Ecumenical Temple
  4942 | Temple   | Found a transporter.
  4942 | Temple   | Found a transporter.
  4944 | Temple   | Found a transporter.
  4944 | Temple   | Found a transporter.
  4969 | Temple   | Became a worshipper of Qazlal Stormbringer
  5665 | D:5      | Reached skill level 6 in Axes
  6544 | D:6      | Noticed a deep elf pyromancer
  6550 | D:6      | Killed from afar by a deep elf pyromancer

Illustrated notes

Levels and vault maps discovered:
D:1:      minmay_arrival_jagged, layout_basic,
          dreamdust_ecumenical_altar_angels_and_demons
D:2:      layout_loops_ring, serial_shops, shop, grunt_ministairs_7,
          minmay_statues_item, grunt_decor_mini_mirrors, minmay_pentomino_w2
D:3:      layout_basic, mainiacjoe_overflow_cross_hatched, uniq_grinder
D:4:      layout_loops_cross, nemelex_xobeh_ov_fountains_minmay, zin_angel,
          dreamdust_princess_corridor
D:5:      layout_basic, minmay_temple_entry_glassed_door, uniq_blork_the_orc
D:6:      layout_rooms, guppyfry_early_elven_hall
Temple:   hellmonk_temple_divided_pantheon

Skill      XL: |  1  2  3  4  5  6  7  8 |
---------------+-------------------------+-----
Dodging        | 3 4 |  4.5
Axes           | 3 4 5 6 |  6.7
Armour         | 1 2 3 |  3.9
Conjurations   | 1 2 3 |  3.9
Spellcasting   | 1 2 3 |  3.1
Fighting       | 3 |  3.5
Stealth        | 1 |  1.2
Throwing       | |  1.9

Action                   |  1- 3 |  4- 6 |  7- 9 || total
-------------------------+-------+-------+-------++-------
Melee: War axe           |    74 |    91 |   185 ||   350
       Kick              |    12 |    24 |    48 ||    84
       Punch             |     2 |     1 |     4 ||     7
Throw: Throwing net      |       |     1 |     1 ||     2
 Cast: Magic Dart        |       |       |     6 ||     6
  Use: Potion            |       |     1 |       ||     1
Armor: Leather armour    |    25 |       |       ||    25
       Chain mail        |     9 |     3 |       ||    12
       Ring mail         |       |    40 |   100 ||   140
Dodge: Dodged            |    52 |    45 |   149 ||   246

Table legend: (Time is in decaauts)
 A = Elapsed time spent in this place.
 B = Non-inter-level travel time spent in this place.
 C = Inter-level travel time spent in this place.
 D = Time resting spent in this place.
 E = Time spent auto-exploring this place.
 F = Levels seen in this place.
 G = Mean time per level.
                   A        B        C        D        E       F      G
               +--------+--------+--------+--------+--------+-----+--------+
         Total |   6661 |   6427 |    234 |   1249 |   3335 |   7 |  951.6 |
       Dungeon |   6612 |   6378 |    234 |   1249 |   3335 |   6 | 1102.0 |
        Temple |     48 |     48 |      0 |      0 |      0 |   1 |   48.0 |
               +--------+--------+--------+--------+--------+-----+--------+

Top non-repeatable levels by time:
     D:1: 1663 daAuts
     D:5: 1622 daAuts
     D:3: 1089 daAuts
     D:4: 859 daAuts
     D:2: 820 daAuts
     D:6: 556 daAuts
  Temple: 48 daAuts
